Zazza, neutral female human Tourist ----------- -------- |.........+ ......| |.....<...| ----- .sfs? |.........| ....-########### -@- % |.........+ |.{.|## ------.----- ## # ------.---- #-....####|...........# # # ##### ###-----# #...........|# ####### ####################### #|..........|### # #------- # ### # #|..........| # ########### #-.....| ## # # #------------ ### --.--- |..(..| ----.------.----# ############### # |....| ..*...| |..............|# ##-....| ------- |..............|# |....| |..............-# |....| |..............| |{...| ---------------- |....| ------ Zazza the Rambler Experience level: 1 Strength: 11 Dexterity: 10 Constitution: 15 Intelligence: 14 Wisdom: 8 Charisma: 18 Health: 0(10) Energy: 2(2) Def: 2 Gold: 631 Moves: 2395 Dungeon seed: 78N9C3_sM84M4akg Game ID: Zazza_1601419286 Your Inventory: Coins $ - 631 gold pieces Weapons a - 36 +2 darts w - a +0 dwarvish mattock A - 8 +0 darts L - 10 +0 elven arrows Q - a cursed -1 scimitar Armor e - a blessed +0 Hawaiian shirt (being worn) r - an uncursed +0 orcish helm (being worn) N - an uncursed +0 elven cloak (being worn) Comestibles b - 7 uncursed food rations c - an uncursed slime mold h - an uncursed eucalyptus leaf u - an uncursed tripe ration C - 2 uncursed eggs Scrolls j - 2 uncursed scrolls of magic mapping k - a blessed scroll of magic mapping n - 3 uncursed scrolls of confuse monster s - an uncursed scroll of blank paper H - a blessed scroll of teleportation I - a cursed scroll of gold detection O - a cursed scroll of enchant armor R - an uncursed scroll of teleportation Spellbooks o - an uncursed spellbook of slow monster J - an uncursed spellbook of magic mapping K - an uncursed spellbook of clairvoyance Potions i - 3 uncursed potions of extra healing v - a blessed potion of levitation Rings B - an uncursed ring of shock resistance P - a cursed ring of teleportation S - an uncursed ring of teleport control Wands E - a wand of polymorph (0:8) G - a wand of teleportation (0:8) Tools l - an expensive camera (0:66) m - an uncursed credit card D - a magic marker (0:35) Gems q - 2 uncursed worthless pieces of yellow glass y - 2 uncursed fluorite stones z - an uncursed worthless piece of white glass Spells and supernatural/magical abilities: Name Level Category Fail Memory W - pray for help -- divine ? -- Your skills at the end: Fighting Skills Weapon Skills dart [Basic] Spellcasting Skills Final Attributes: You had strayed. You could recognize detrimental food. You were stealthy. You were lucky. You are dead. Vanquished creatures: 2 giant rats 4 cave spiders 2 yellow molds 7 garter snakes 2 geckos 7 jackals 2 kobolds a goblin 2 grid bugs 2 lichens 2 kobold zombies 5 newts 38 creatures vanquished. Voluntary challenges: You never hit with a wielded weapon. You had been a pacifist until turn 2387. You read items or engraved 4 times, starting on turn 535. You never genocided any monsters. You never polymorphed an object. You never changed form. You used no wishes. You never split a pudding. You never wrote Elbereth's name. You violated your moral code, losing 1 point of alignment, starting on turn 2317. Dungeon overview: The Dungeons of Doom: levels 1 to 5 Level 1 a fountain a long staircase Level 2 an armor shop, an altar to The Lady, a fountain Level 3 some fountains stairs to The Gnomish Mines Level 4 a fountain Level 5 <- You were here some fountains The Gnomish Mines: Level 4 stairs to The Dungeons of Doom History has recorded: On T:1 you entered the Dungeons of Doom to retrieve the Amulet of Yendor! On T:502 you reached level 2 of The Dungeons of Doom. On T:1089 you reached level 3 of The Dungeons of Doom. On T:1400 you reached level 1 of The Gnomish Mines. On T:1508 you reached level 4 of The Dungeons of Doom. On T:1934 you reached level 5 of The Dungeons of Doom. Score breakdown: Gold: 261 ( 8226 points) Experience: 1 level ( 0 points) Exploration: 5 levels ( 10.20%) ( 8660 points) Discoveries: 3 items ( 1.01%) ( 3010 points) Valuables value: (no points given unless you survive) Artifact value: 0 ( 0 points) Variety of kills: 12 monsters ( 3.15%) ( 5324 points) Turncount: 2395 turns ( -267 points) Survival: died (score multiplied by 80%) Total score: 19962 Latest messages: Wait! There's something there you can't see! The garter snake bites! You displace your kitten. You hear some noises. It eats a garter snake corpse. You displace Armand. You displace your kitten. The door opens. You kill the newt! A cave spider was hidden under a scroll labeled VE FORBRYDERNE! The cave spider bites! It misses. You displace your kitten. The kitten bites the grid bug. The grid bug bites the kitten. The kitten gets zapped! You displace Armand. You stop. Your kitten is in the way! You hear some noises. The kitten picks up a wand. The kitten misses it. The cave spider bites! A cave spider was hidden under a scroll labeled GARVEN DEH! The cave spider bites! You die... Final status: Aloha Zazza the Tourist, killed by a cave spider... You died in The Dungeons of Doom on dungeon level 5 with 19962 points, and 631 pieces of gold, after 2395 moves. You were level 1 with a maximum of 10 hit points when you died.